 Dungeon Crawl Stone Soup version 0.22-a0-389-g8519d86 (webtiles) character file.

85 Zadrew the Chopper (level 4, -4/40 HPs)
             Began as a Hill Orc Berserker on Apr 30, 2018.
             Was a Believer of Trog.
             Slain by a gnoll
             ... wielding a +0 spear
              (5 damage)
             ... on level 2 of the Dungeon.
             The game lasted 00:09:49 (777 turns).

Zadrew the Chopper (Hill Orc Berserker)              Turns: 777, Time: 00:09:49

Health: -4/40      AC:  2    Str: 20    XL:     4   Next: 48%
Magic:  4/4        EV: 12    Int:  7    God:    Trog [**....]
Gold:   24         SH:  0    Dex: 10    Spells: 3/3 levels left

rFire    . . .     SeeInvis .   a - +0 hand axe
rCold    . . .     Gourm    .   (no shield)
rNeg     . . .     Faith    .   b - +0 animal skin
rPois    .         Spirit   .   (no helmet)
rElec    .         Reflect  .   (no cloak)
rCorr    .         Harm     .   (no gloves)
MR       .....                  (no boots)
Stlth    +.........             (no amulet)
HPRegen  0.13/turn              (no ring)
MPRegen  0.09/turn              (no ring)

@: no status effects
A: no striking features
a: Berserk, Trog's Hand, Renounce Religion


You were on level 2 of the Dungeon.
You worshipped Trog.
Trog was pleased with you.
You were not hungry.

You visited 1 branch of the dungeon, and saw 2 of its levels.

You collected 24 gold pieces.

Inventory:

Hand Weapons
 a - a +0 hand axe (weapon)
Missiles
 f - 34 stones (quivered)
Armour
 b - a +0 animal skin (worn)
Scrolls
 d - a scroll of magic mapping {unknown}
 e - a scroll of remove curse {unknown}
 i - a scroll of teleportation {unknown}
Potions
 g - a potion of heal wounds {unknown}
Comestibles
 h - 3 chunks of flesh


   Skills:
 * Level 4.2 Fighting
 * Level 5.3 Axes
 * Level 0.4 Throwing
 * Level 2.7 Armour
 * Level 2.1 Dodging


You had 3 spell levels left.
You didn't know any spells.

Dungeon Overview and Level Annotations

Branches:
Dungeon (2/15)

Altars:


Message History

The gnoll shouts!
The gnoll hits you with a spear!
* * * LOW HITPOINT WARNING * * *
You hit the gnoll.
The gnoll is lightly wounded.
You hit the gnoll but do no damage. The gnoll misses you.
The gnoll barely misses you.
You barely miss the gnoll.
The gnoll is lightly wounded.
You hit the gnoll. The gnoll hits you with a spear.
* * * LOW HITPOINT WARNING * * *
The gnoll misses you.
You barely miss the gnoll.
The gnoll is lightly wounded.
You barely miss the gnoll. The gnoll closely misses you. The gnoll hits you!
* * * LOW HITPOINT WARNING * * *
You hit the gnoll.
The gnoll is heavily wounded.
You hit the gnoll. The gnoll hits you with a spear.
You die...

## .# ... . .# ## #.#.#.# .#
#.# #.#.#. .##.# ## .....
...###.# ##g#.# .##.#.#
#....####. ####.##
#.gg...... # #.# #.@.# # #.#
#...# ##.## #...# #...#
#######...#######
###.#.###..........†...)##
..#......††..†..)...#.....(.
#.###.###.........<.....###.
#.# #.# #######...#######
#.###.# #...#


You could see 3 gnolls.

Vanquished Creatures
  A howler monkey (D:2)
  An adder (D:2)
  2 worms (D:2)
  2 dart slugs
  A leopard gecko (D:2)
  4 giant cockroaches
  5 goblins
  5 hobgoblins
  3 bats
  2 frilled lizards
  A kobold (D:1)
  3 rats
30 creatures vanquished.

Notes
Turn   | Place    | Note
-------+----------+-------------------------------------------
     0 | D:1      | Zadrew the Hill Orc Berserker began the quest for the Orb.
     0 | D:1      | Reached XP level 1. HP: 19/19 MP: 1/1
   162 | D:1      | Reached XP level 2. HP: 27/27 MP: 2/2
   415 | D:2      | Reached XP level 3. HP: 25/33 MP: 3/3
   605 | D:2      | Reached ** piety under Trog
   720 | D:2      | Reached skill level 5 in Axes
   720 | D:2      | Reached XP level 4. HP: 12/40 MP: 4/4
   776 | D:2      | HP: 1/40 [gnoll (7)]
   777 | D:2      | Slain by a gnoll

Vault maps used:
D:1:      ncdulo_halloftheorcs
D:2:      uniq_crazy_yiuf_cottage

Skill      XL: |  1  2  3 |
---------------+----------+-----
Fighting       | 4 |  4.2
Dodging        | 2 |  2.1
Axes           | 5 |  5.3
Throwing       | |  0.4
Armour         | |  2.7

Action                   |  1- 3 |  4- 6 || total
-------------------------+-------+-------++-------
Melee: Hand axe          |    74 |    15 ||    89
Throw: Stone             |     3 |       ||     3
Invok: Trog's Hand       |     1 |       ||     1
  Use: Potion            |     1 |       ||     1
  Eat: Ration            |       |     1 ||     1
Armor: Animal skin       |    10 |       ||    10
Dodge: Dodged            |    51 |     8 ||    59

Table legend:
 A = Spawn XP
 B = Non-spawn XP
 C = Spawn XP percentage of total XP
 D = Spawn monster count
 E = Non-spawn monster count
 F = Spawn count percentage of total count
 G = Total turns spent on level
                    A         B        C        D         E        F      G
               +---------+---------+-------+---------+---------+-------+---------
         Total |       0 |     122 |   0.0 |       0 |      30 |   0.0 |   777
               +---------+---------+-------+---------+---------+-------+---------
           D:1 |       0 |      27 |   0.0 |       0 |      15 |   0.0 |   410
           D:2 |       0 |      95 |   0.0 |       0 |      15 |   0.0 |   367
               +---------+---------+-------+---------+---------+-------+---------
